 Dungeon Crawl Stone Soup version 0.26-a0-808-g930a2b7adc (webtiles) character file.

Game seed: 4923340899056736570

157 Kinoniko the Cudgeller (level 5, 0/45 HPs)
             Began as a Demonspawn Gladiator on Nov 12, 2020.
             Killed from afar by an orc wizard (10 damage)
             ... with a puff of frost
             ... on level 3 of the Dungeon.
             The game lasted 00:02:58 (2795 turns).

Kinoniko the Cudgeller (Demonspawn Gladiator)       Turns: 2795, Time: 00:02:59

Health: 0/45       AC:  6    Str: 15    XL:     5   Next: 15%
Magic:  5/5        EV: 13    Int:  9    God:
Gold:   161        SH:  5    Dex: 15    Spells: 4/4 levels left

rFire    . . .     SeeInvis .   a - +0 flail
rCold    . . .     Faith    .   (no shield)
rNeg     . . .     Spirit   .   b - +0 leather armour
rPois    .         Reflect  +   c - +0 helmet
rElec    .         Harm     .   (no cloak)
rCorr    .         Rampage  .   (no gloves)
MR       .....                  i - +0 pair of boots
Stlth    +.........             k - amulet of reflection
HPRegen  0.15/turn              (no ring)
MPRegen  0.09/turn              (no ring)

@: no status effects
A: hooves 1, yellow scales 2, deformed body, powered by death 1, powered by pain
1, robust 1, MP-powered wands
a: no special abilities


You were on level 3 of the Dungeon.
You visited 1 branch of the dungeon, and saw 3 of its levels.

You collected 161 gold pieces.

Inventory:

Hand Weapons
 a - a +0 flail (weapon)
Missiles
 d - 3 throwing nets (quivered)
Armour
 b - a +0 leather armour (worn)
 c - a +0 helmet (worn)
 i - a +0 pair of boots (worn)
Jewellery
 k - an amulet of reflection (around neck)
Scrolls
 e - 4 scrolls of remove curse
 f - 8 scrolls of identify {unknown}
 h - 2 scrolls of immolation
Potions
 j - a potion of mutation


   Skills:
 - Level 3.0 Fighting
 * Level 4.1 Maces & Flails
 - Level 1.7 Throwing
 - Level 1.1 Armour
 - Level 3.4 Dodging
 - Level 0.1 Stealth


You had 4 spell levels left.
You didn't know any spells.
Your spell library was empty.

Dungeon Overview and Level Annotations

Branches:
Dungeon (3/15)

Altars:
Vehumet


Innate Abilities, Weirdness & Mutations

You have large cloven feet.
You are mostly covered in yellow scales. (AC +3)
You regenerate a little health from kills.
You sometimes gain a little power by taking damage.
Armour fits poorly on your strangely shaped body.
You are robust. (+10% HP)
You expend magic power (3 MP) to strengthen your wands.


Message History

You hit something. Something hits you. Something hits you but does no damage.
You barely miss something. Something hits you.
* * * LOW HITPOINT WARNING * * *
Something hits you.
* * * LOW HITPOINT WARNING * * *
Unknown command.
As you read the scroll labelled VOSUUS MISESA, it crumbles to dust.
You feel blessed for a moment.
It was a scroll of remove curse.
Something hits you but does no damage.
Okay, then.
As you read the scroll labelled GAGIVU CAOTU, it crumbles to dust.
The creatures around you are filled with an inner flame!
It was a scroll of immolation.
You hear some strange, mumbled words.
A puff of frost appears from out of thin air!
The puff of frost misses you.
You hear some strange, mumbled words.
A puff of frost appears from out of thin air!
The puff of frost hits you!
You die...

#.#..$.o #.#....#
#......# ##.....#
#.....# ##....#
#...o# #.##{#
########.##@#
#.....##..#.###
#.............#
#.............#
#.............#
####
#......(......#
#<..
#.............#
##.#
#.............###
#.#
#...........>...#
#(#


You could see an orc (inner flame).

Vanquished Creatures
  Robin (D:1)
  3 adders
  3 gnolls (D:3)
  An ooze (D:2)
  5 worms
  A dart slug (D:2)
  An orc (D:3)
  2 giant cockroaches
  11 goblins
  17 hobgoblins
  3 kobolds
  A ball python (D:1)
  10 bats
  5 frilled lizards
  3 rats
67 creatures vanquished.

Notes
Turn   | Place    | Note
-------+----------+-------------------------------------------
     0 | D:1      | Kinoniko the Demonspawn Gladiator began the quest for the
                  | Orb.
     0 | D:1      | Reached XP level 1. HP: 16/16 MP: 1/1
   254 | D:1      | Gained mutation: You are partially covered in yellow
                  | scales. (AC +2) [demonic ancestry]
   254 | D:1      | Reached XP level 2. HP: 20/22 MP: 2/2
   298 | D:1      | Reached skill level 3 in Maces & Flails
   989 | D:2      | Noticed Robin
  1111 | D:1      | Gained mutation: You sometimes gain a little power by
                  | taking damage. [demonic ancestry]
  1111 | D:1      | Reached XP level 3. HP: 25/28 MP: 3/3
  1224 | D:1      | Killed Robin
  1608 | D:2      | Gained mutation: You have large cloven feet. [demonic
                  | ancestry]
  1608 | D:2      | Reached XP level 4. HP: 24/34 MP: 4/4
  2054 | D:2      | Reached skill level 1 in Armour
  2235 | D:2      | Found a radiant altar of Vehumet.
  2554 | D:3      | Gained mutation: Armour fits poorly on your strangely
                  | shaped body. [potion of mutation]
  2554 | D:3      | Gained mutation: You are robust. (+10% HP) [potion of
                  | mutation]
  2554 | D:3      | Gained mutation: You are mostly covered in yellow scales.
                  | (AC +3) [potion of mutation]
  2554 | D:3      | Gained mutation: You expend magic power (3 MP) to
                  | strengthen your wands. [potion of mutation]
  2572 | D:3      | Gained mutation: You regenerate a little health from kills.
                  | [demonic ancestry]
  2572 | D:3      | Reached XP level 5. HP: 23/45 MP: 5/5
  2724 | D:3      | Reached skill level 4 in Maces & Flails
  2795 | D:3      | Killed from afar by an orc wizard

Illustrated notes

Levels and vault maps discovered:
D:1:      nzn_arrival_crosshair, layout_basic, serial_park_tiny_pond,
          minmay_misc_feat_five, minmay_pentomino_p4
D:2:      layout_rooms, marbit_many_paths, minmay_misc_feat_plants, uniq_robin
D:3:      layout_basic

Skill      XL: |  1  2  3  4  5 |
---------------+----------------+-----
Maces & Flails | 3 4 |  4.1
Dodging        | 3 |  3.4
Fighting       | 3 |  3.0
Armour         | 1 |  1.1
Throwing       | |  1.7
Stealth        | |  0.1

Action                   |  1- 3 |  4- 6 || total
-------------------------+-------+-------++-------
Melee: Flail             |   157 |   116 ||   273
  Use: Potion            |     1 |     2 ||     3
       Scroll            |       |     2 ||     2
 Stab: Sleeping          |       |     2 ||     2
Armor: Leather armour    |    67 |    25 ||    92
Dodge: Dodged            |   157 |    58 ||   215
Block: Other             |       |    19 ||    19

Table legend: (Time is in decaauts)
 A = Elapsed time spent in this place.
 B = Non-inter-level travel time spent in this place.
 C = Inter-level travel time spent in this place.
 D = Time resting spent in this place.
 E = Time spent auto-exploring this place.
 F = Levels seen in this place.
 G = Mean time per level.
                   A        B        C        D        E       F      G
               +--------+--------+--------+--------+--------+-----+--------+
         Total |   2869 |   2831 |     38 |    512 |   1749 |   3 |  956.3 |
       Dungeon |   2869 |   2831 |     38 |    512 |   1749 |   3 |  956.3 |
               +--------+--------+--------+--------+--------+-----+--------+

Top non-repeatable levels by time:
     D:1: 1395 daAuts
     D:2: 1174 daAuts
     D:3: 300 daAuts
